 Dungeon Crawl Stone Soup version 0.31-a0-1405-g2bb1a01664 (webtiles) character file.

Game seed: 9823771967889683998

17 jasper the Shield-Bearer (level 2, 0/24 HPs)
             Began as a Human Fighter on Dec 25, 2023.
             Succumbed to a kobold's poison
             ... on level 1 of the Dungeon.
             The game lasted 00:00:51 (303 turns).

jasper the Shield-Bearer (Human Fighter)             Turns: 303, Time: 00:00:52

Health: 0/24       AC:  6    Str: 16    XL:     2   Next: 62%
Magic:  2/2        EV:  8    Int:  8    God:
Gold:   4          SH:  5    Dex: 12    Spells: 1/1 levels left

rFire   . . .        a - +0 long sword
rCold   . . .        c - +0 buckler
rNeg    . . .        b - +0 scale mail
rPois   .            (no helmet)
rElec   .            (no cloak)
rCorr   .            (no gloves)
SInv    .            (no boots)
Will    .....        (no amulet) Stlth
                     (no ring)
HPRegen 0.24/turn    (no ring)
MPRegen 0.08/turn

%: no passive effects
@: mighty, lethally poisoned (0 -> 0)
A: explore regen
a: no special abilities


You were on level 1 of the Dungeon.
You visited 1 branch of the dungeon, and saw 1 of its levels.

You collected 4 gold pieces.

Inventory:

Hand Weapons
 a - a +0 long sword (weapon)
 d - a +2 dagger of venom
Armour
 b - a +0 scale mail (worn)
 c - a +0 buckler (worn)


   Skills:
 - Level 3.0 Fighting
 - Level 2.0 Long Blades
 - Level 3.0 Armour
 + Level 3.9 Shields


You had one spell level left.
You didn't know any spells.
Your spell library contained the following spells:

 Spells                   Type           Power      Damage    Failure   Level
 Apportation              Tloc           0%         N/A       89%         1
 Jinxbite                 Hex            0%         N/A       96%         2
 Inner Flame              Hex/Fire       0%         N/A       99%         3
 Flame Wave               Conj/Fire      0%         2d4       100%        4
 Sticky Flame             Fire/Alch      0%         2d4       100%        4
 Alistair's Intoxication  Alch           0%         N/A       100%        5


Dungeon Overview and Level Annotations

Branches:
Dungeon (1/15)

Altars:

Annotations:
D:1 2 transporters


Innate Abilities, Weirdness & Mutations

You regain HP and MP as you explore.


Message History

You are lethally poisoned!
You take 4 damage, and have 15/24 hp.
Sorry, you're not good enough to have a special ability.
You feel very mighty all of a sudden.
You feel very sick. The kobold barely misses you.
You take 4 damage, and have 11/24 hp.
You slash the kobold!
You kill the kobold!
* * * LOW HITPOINT WARNING * * *
You feel very sick.
You take 4 damage, and have 7/24 hp.
There is a lethal amount of poison in your body!
* * * LOW HITPOINT WARNING * * *
You feel sick.
You see here a +2 dagger of venom.
d - a +2 dagger of venom
* * * LOW HITPOINT WARNING * * *
You feel sick.
You take 2 damage, and have 5/24 hp.
* * * LOW HITPOINT WARNING * * *
You feel sick.
You take 2 damage, and have 3/24 hp.
A bat, a quokka, a ball python, a kobold and an endoplasm come into view.
* * * LOW HITPOINT WARNING * * *
You feel sick.
The ball python hisses angrily.
The kobold shouts!
A bat comes into view.
The ball python moves out of view.
The bat moves out of view.
* * * LOW HITPOINT WARNING * * *
You feel sick. The bat attacks as it pursues you! You block the bat's attack.
The bat hits you but does no damage.
* * * LOW HITPOINT WARNING * * *
You feel sick. The bat attacks as it pursues you! You block the bat's attack.
The bat barely misses you.
You take 1 damage, and have 2/24 hp.
* * * LOW HITPOINT WARNING * * *
You feel sick. You block the bat's attack.
You take 1 damage, and have 1/24 hp.
You die...

..........# #.# .#
..........# #.# #
.♣.♣.♣♣♣.....# ##.#
♣.♣♣♣♣♣♣..##.#
###.#.#.#
♣♣♣♣_.♣♣####.#
##.S...... ♣♣.♣.♣.♣
#.# #..# ♣♣♣.♣♣♣♣
#.# ####r#.......
♣♣♣...♣♣♣#
#.###..b.##.#.#.#
♣.♣♣..♣♣.#
#.##.@#### ...
.♣....♣♣.# #.#...##
#J#
.♣♣♣♣♣♣.####......##
...
♣....♣.♣♣...†......#
#K#
........###.#.....##
..
.#......##.#.#...##
. †#.######.###.#.##
#.# ....####.##
##...##....
..#.....## ##.....#


You could see a quokka, a bat and a ball python.

Vanquished Creatures
  2 ball pythons (D:1)
  An endoplasm (D:1)
  A hobgoblin (D:1)
  4 jackals (D:1)
  2 quokkas (D:1)
  2 bats (D:1)
  2 kobolds (D:1)
  A rat (D:1)
15 creatures vanquished.

Notes
Turn   | Place    | Note
-------+----------+-------------------------------------------
     0 | D:1      | jasper the Human Fighter began the quest for the Orb.
     0 | D:1      | Reached XP level 1. HP: 18/18 MP: 1/1
   117 | D:1      | Reached XP level 2. HP: 21/24 MP: 2/2
   195 | D:1      | Found a faded altar of an unknown god.
   302 | D:1      | HP: 1/24 [poisoned by a kobold]
   303 | D:1      | Succumbed to a kobold's poison

Illustrated notes

Levels and vault maps discovered:
D:1:      spicycebolla_arrival_transporter_tutorial, layout_loops_ring,
          chequers_ecumenical_altar_grove, st_stairs_11

Action                     || total
---------------------------++-------
  Melee: Long sword        ||    44
    Use: Potion            ||     1
 Armour: Scale mail        ||    37
  Dodge: Dodged            ||    20
  Block: Buckler           ||    14

Table legend: (Time is in decaauts)
 A = Elapsed time spent in this place.
 B = Non-inter-level travel time spent in this place.
 C = Inter-level travel time spent in this place.
 D = Time resting spent in this place.
 E = Time spent auto-exploring this place.
 F = Levels seen in this place.
 G = Mean time per level.
                   A        B        C        D        E       F      G
               +--------+--------+--------+--------+--------+-----+--------+
         Total |    319 |    296 |     23 |     38 |    145 |   1 |  319.0 |
       Dungeon |    319 |    296 |     23 |     38 |    145 |   1 |  319.0 |
               +--------+--------+--------+--------+--------+-----+--------+

Top non-repeatable levels by time:
     D:1: 319 daAuts
